 Dungeon Crawl Stone Soup version 0.24.0-37-gcf1ca852f1 (webtiles) character file.

Game seed: 9786105626219420524, levelgen mode: deterministic

99 Mrkan the Chucker (level 4, -8/44 HPs)
             Began as a Troll Hunter on Nov 29, 2019.
             Mangled by Crazy Yiuf
             ... wielding a +4 quarterstaff of chaos
              (11 damage)
             ... on level 2 of the Dungeon.
             The game lasted 00:03:00 (1360 turns).

Mrkan the Chucker (Troll Hunter)                    Turns: 1360, Time: 00:03:01

Health: -8/44      AC:  6    Str: 20    XL:     4   Next: 45%
Magic:  0/3        EV:  9    Int:  8    God:
Gold:   96         SH:  0    Dex: 10    Spells: 3/3 levels left

rFire    . . .     SeeInvis .     - Unarmed
rCold    . . .     Gourm    +   (no shield)
rNeg     . . .     Faith    .   b - +0 robe
rPois    .         Spirit   .   (helmet restricted)
rElec    .         Reflect  .   (no cloak)
rCorr    .         Harm     .   (gloves unavailable)
MR       .....                  (boots unavailable)
Stlth    +.........             (no amulet)
HPRegen  0.54/turn              (no ring)
MPRegen  0.08/turn              (no ring)

@: drained
A: large, unfitting armour, claws 3, fast metabolism 3, gourmand, regeneration
1, shaggy fur 1, tough skin 3
a: no special abilities


You were on level 2 of the Dungeon.
You were completely stuffed.

You visited 1 branch of the dungeon, and saw 2 of its levels.

You collected 96 gold pieces.

Inventory:

Missiles
 c - 5 large rocks (quivered)
 d - 2 throwing nets
Armour
 b - a +0 robe (worn)
Jewellery
 m - a +3 ring of strength {unknown}
 n - an uncursed ring of protection from cold
Wands
 l - a wand of enslavement (5)
Scrolls
 e - 5 scrolls of identify {unknown}
 g - a scroll of magic mapping {unknown}
 k - a scroll of fog {unknown}
Potions
 a - a potion of haste {unknown}
 i - a potion of curing {unknown}
 j - 4 potions of agility {unknown}
Comestibles
 f - 4 rations


   Skills:
 + Level 2.5(2.0) Fighting
 - Level 3.6(3.0) Throwing
 - Level 1.5(1.0) Dodging
 - Level 0.3(0.0) Stealth
 * Level 3.3(2.7) Unarmed Combat


You had 3 spell levels left.
You didn't know any spells.
Your spell library was empty.

Dungeon Overview and Level Annotations

Branches:
Dungeon (2/15)

Altars:

Annotations:
D:2 Crazy Yiuf


Innate Abilities, Weirdness & Mutations

You are too large for most types of armour.
You have claws for hands.
Your metabolism is lightning-fast.
You like to eat raw meat.
Your natural rate of healing is unusually fast.
You are covered in fur. (AC +1)
You have extremely tough skin. (AC +3)


Message History

Crazy Yiuf hits you with a +4 quarterstaff of chaos!
You barely miss Crazy Yiuf.
Crazy Yiuf is heavily wounded.
Crazy Yiuf hits you with a +4 quarterstaff of chaos!
* * * LOW HITPOINT WARNING * * *
You closely miss Crazy Yiuf.
Crazy Yiuf is heavily wounded.
Crazy Yiuf says, "Whiteboard!"
Crazy Yiuf drinks a potion.
Crazy Yiuf is healed!
You barely miss Crazy Yiuf.
Crazy Yiuf hits you with a +4 quarterstaff of chaos.
* * * LOW HITPOINT WARNING * * *
You closely miss Crazy Yiuf. Crazy Yiuf closely misses you.
You scratch Crazy Yiuf but do no damage.
Crazy Yiuf hits you with a +4 quarterstaff of chaos!
* * * LOW HITPOINT WARNING * * *
You feel your power leaking away.
You barely miss Crazy Yiuf.
Crazy Yiuf hits you with a +4 quarterstaff of chaos!
You die...

#.####))))# #.# #))))#
#######.# ♣))))♣ #.......#
♣♣)).♣ #....#### ♣♣.♣♣ #....#
♣♣.♣ #....#### ♣.♣♣ #.......#
♣♣.♣ #.......# ♣@♣♣ ###### #
#..).##.# #g# #####....# #
#....##.# ... #...#....###
#######.# #...# #...#....##.
#.# #)..# #...#....##. ########
#.# ##### #...#.......
.......###.# #........###
.....)<.##.###########........#
.....>........##.........#....#


You could see Crazy Yiuf.

Vanquished Creatures
  An adder (D:2)
  3 gnolls (D:2)
  A worm (D:2)
  2 dart slugs (D:1)
  3 ball pythons
  11 hobgoblins
  5 jackals
  9 bats
  2 frilled lizards
  6 goblins
  6 kobolds
  5 rats
54 creatures vanquished.

Notes
Turn   | Place    | Note
-------+----------+-------------------------------------------
     0 | D:1      | Mrkan the Troll Hunter began the quest for the Orb.
     0 | D:1      | Reached XP level 1. HP: 19/19 MP: 0/0
   162 | D:1      | Reached skill level 1 in Unarmed Combat
   212 | D:1      | Reached XP level 2. HP: 28/28 MP: 1/1
   346 | D:1      | Reached XP level 3. HP: 20/35 MP: 2/2
  1105 | D:2      | Reached XP level 4. HP: 36/44 MP: 3/3
  1346 | D:2      | Found a runed translucent door.
  1347 | D:2      | Noticed Crazy Yiuf
  1360 | D:2      | Mangled by Crazy Yiuf

Levels and vault maps discovered:
D:1:      dpeg_arrival_snail, layout_basic
D:2:      layout_rooms, uniq_crazy_yiuf_cottage

Skill      XL: |  1  2  3 |
---------------+----------+-----
Unarmed Combat | 1 2 3 |  3.3
Fighting       | 2 |  2.5
Throwing       | |  3.6
Dodging        | |  1.5
Stealth        | |  0.3

Action                   |  1- 3 |  4- 6 || total
-------------------------+-------+-------++-------
Melee: Unarmed           |   119 |    30 ||   149
       Punch             |     1 |       ||     1
  Eat: Chunk             |    16 |     2 ||    18
Armor: Robe              |    59 |    14 ||    73
Dodge: Dodged            |    81 |    11 ||    92
